AoeStats
← LittleMeatBoy

Arabia

508527045Analyzed
1v1 RM · 11d ago on Sep 22, 2026· 50m 34s· 2 players
Game mode
Random Map
Map size
Tiny (2 player)
Population
200
Speed
Normal
Resources
Standard
Victory
Conquest
Starting age
Dark Age
Ending age
Imperial Age
RankedLock teamsTeams togetherTeam positionsShared explorationLock speedFull tech treeHidden civsTurbo modeCheats
Victory
Defeat
🇦🇷 Burgundians · Argentina
894
+14
🇺🇸 Armenians · United States
851
-14
sneakjacks0n
7:36 Loom
9:52 Feudal Age
10:22 Double-Bit Axe
12:06 Town Watch
11:45 Man-at-Arms
12:13 Arson
13:37 Long Swordsman
18:12 Arson
24:10 Scale Mail Armor
24:43 Forging
29:46 Wheelbarrow
36:04 Horse Collar
37:08 Pikeman
45:27 Castle Age
45:38 Two-Handed Swordsman
46:07 Gambesons
46:24 Squires
50:41 Chain Mail Armor
51:04 Iron Casting
LittleMeatBoy
4:43 Double-Bit Axe
10:04 Feudal Age
12:34 Forging
14:13 Arson
24:19 Castle Age
24:09 Scale Mail Armor
40:11 Iron Casting
42:44 Murder Holes
45:28 Imperial Age
51:17 Burgundian Vineyards
Connection lost

Rejoining the realm…

Still unreachable

The connection could not be restored.

Session expired

The server has moved on; the page needs a fresh start.